 Dungeon Sprint DCSS version bcrawl-1.15.1 (webtiles) character file.

Game seed: 9155986822206524666

39 Kerapac the Magician (level 3, -5/24 (26) HPs)
             Began as an Oni Ice Elementalist on Oct 3, 2019.
             Slain by a necrophage (7 damage)
             ... in the Dungeon (Sprint III: "The Ten Rune Challenge").
             The game lasted 00:02:07 (690 turns).

Kerapac the Magician (Oni Ice Elementalist)          Turns: 690, Time: 00:02:08

HP:   -5/24 (26)    AC:  2    Str: 11    XL:     3   Next: 47%
MP:   11/11         EV: 12    Int: 17    God:
Gold: 31            SH:  0    Dex: 11    Spells: 9/11 levels left

rFire    . . .     SeeInvis .   (no weapon)
rCold    . . .     Gourm    .   (no shield)
rNeg     . . .     Faith    .   a - +0 animal skin
rPois    .         Spirit   .   (helmet restricted)
rElec    .         Reflect  .   (no cloak)
rCorr    .         Harm     .   (no gloves)
MR       .....     NoTele   +   (boots currently unavailable)
Stlth    ++........             (no amulet)
HPRegen  0.00/turn              (no ring)
MPRegen  0.12/turn              (no ring)

@: appendage, non-regenerating, diseased
A: oni magic, claws 1, fangs 1, horns 1, talons 3
a: End Transformation


You were in the Dungeon.
You were not hungry.
You had grown temporary talons.
You visited 1 branch You collected 31 gold pieces.

Inventory:

Armour
 a - a +0 animal skin (worn)
Wands
 c - a wand of iceblast (1)
Scrolls
 e - a scroll of immolation {unknown}
 f - 3 scrolls of identify
 i - 4 scrolls of remove curse
 m - a scroll of holy word
Potions
 b - 5 potions of mutation
 g - a potion of haste
 h - a potion of magic
 k - a potion of brilliance {unknown}
 l - a potion of curing
 n - 2 potions of flight
Comestibles
 d - 3 rations {!d}


   Skills:
 - Level 0.2 Fighting
 - Level 1.7 Dodging
 - Level 1.7 Stealth
 - Level 0.1 Unarmed Combat
 + Level 4.7 Spellcasting


You had 9 spell levels left.
You knew the following spells:

 Your Spells              Type           Power        Failure   Level  Hunger
a - Freeze                Ice            ###...       1%          1    None
b - Beastly Appendage     Tmut           ###...       1%          1    None

Your spell library contained the following spells:

 Spells                   Type           Power        Failure   Level  Hunger
 Throw Frost              Conj/Ice       ###...       3%          2    #......
 Ozocubu's Armour         Chrm/Ice       ###.....     6%          3    ###....
 Summon Ice Beast         Ice/Summ       ###.....     21%         4    ####...
 Throw Icicle             Conj/Ice       ###.....     21%         4    ####...


Dungeon Overview and Level Annotations

Branches:
Dungeon (1/1)

Altars:
Dithmenos
Ru
Yredelemnul


Innate Abilities, Weirdness & Mutations

You learn spells by gaining experience, not through books or religion.
You only train spellcasting to practice magic.
You have sharp fingernails.
You have very sharp teeth.
You have a pair of small horns on your head.
You have claws for feet.


Message History

The necrophage barely misses you.
You closely miss the necrophage. Your kick misses the necrophage.
The necrophage is lightly damaged.
The necrophage hits you.
You completely miss the necrophage. Your bite misses the necrophage.
The necrophage is lightly damaged.
The necrophage closely misses you.
You scratch the necrophage.
The necrophage is moderately damaged.
The necrophage hits you.
You scratch the necrophage but do no damage.
You bite the necrophage.
The necrophage is moderately damaged.
The necrophage hits you!
* * * LOW HITPOINT WARNING * * *
You scratch the necrophage but do no damage.
Your kick misses the necrophage.
The necrophage is moderately damaged.
The necrophage hits you!
You die...

▓▓▓ # ##.# ####
#####..# #__#
.#..#..# #{_
.#..#..###+#+###n##
.##'#..#........@.#
.###§.E+.⌠........#
####...#...######+#
###....#.⌠.#
##.....#...#
#†.....#+###
.#.....# ###....#
▓▓▓▓▓▓


You could see a necrophage.

Vanquished Creatures
  A human (D)
  A wolf (D)
  An ooze (D)
  3 rats (D)
6 creatures vanquished.

Vanquished Creatures (others)
  2 draconian scorchers (D)
  6 hellions (D)
  A yaktaur (D)
9 creatures vanquished.

Grand Total: 15 creatures vanquished

Notes
Turn   | Place    | Note
-------+----------+-------------------------------------------
     0 | D        | Kerapac the Oni Ice Elementalist began the quest for the
                  | Orb.
     0 | D        | Reached XP level 1. HP: 14/14 MP: 4/4
    14 | D        | Reached skill level 2 in Spellcasting
    97 | D        | Killed a hellion
   100 | D        | Killed a hellion
   100 | D        | Killed a hellion
   101 | D        | Killed a hellion
   101 | D        | Killed a hellion
   102 | D        | Killed a hellion
   108 | D        | Killed a yaktaur
   198 | D        | Killed a white draconian scorcher
   199 | D        | Killed a white draconian scorcher
   320 | D        | Reached XP level 2. HP: 19/20 MP: 5/7
   324 | D        | Learned a level 1 spell: Beastly Appendage
   345 | D        | Reached skill level 4 in Spellcasting
   345 | D        | Reached XP level 3. HP: 26/26 MP: 0/10
   422 | D        | Noticed a water elemental
   678 | D        | Found a basalt altar of Yredelemnul.
   678 | D        | Found a shadowy altar of Dithmenos.
   678 | D        | Found a sacrificial altar of Ru.
   678 | D        | Noticed a necrophage
   678 | D        | Noticed a necromancer
   690 | D        | Slain by a necrophage

Skill      XL: |  1  2 |
---------------+-------+-----
Spellcasting   | 2 4 |  4.7
Fighting       | |  0.2
Dodging        | |  1.7
Stealth        | |  1.7
Unarmed Combat | |  0.1

Action                   || total
-------------------------++-------
Melee: Unarmed           ||    18
       Headbutt          ||     3
       Kick              ||     2
       Bite              ||     2
 Cast: Freeze            ||    10
       Beastly Appendage ||     2
  Use: Potion            ||     4
       Scroll            ||     1
Dodge: Dodged            ||    14
